[Event "Titled Tuesday Blitz April 4 Early 2023"]
[White "EREBUNI91"]
[Black "Lach, Aleksandra"]
[BlackFideId "1134299"]
[WhiteElo "2634"]
[BlackElo "2111"]
[Result "1-0"]
[Round "11"]
[TimeControl "180+2"]
[Date "2023.04.04"]
[WhiteClock "0:00:56"]
[BlackClock "0:00:13"]

1. e4 c5 2. Nc3 a6 3. g3 b5 4. Bg2 Bb7 5. Nge2 e5 6. O-O Nf6 7. f4 d6 8. d3 Be7 9. fxe5 dxe5 10. Bg5 Nbd7 11. Kh1 O-O 12. Ng1 h6 13. Be3 b4 14. Na4 Qa5 15. b3 Bc6 16. Nb2 Rad8 17. Nc4 Qc7 18. Nf3 Ng4 19. Bg1 f5 20. Nfd2 g6 21. h3 Ngf6 22. exf5 Bxg2+ 23. Kxg2 gxf5 24. Rxf5 Qc6+ 25. Qf3 Qe6 26. Rf1 Kh8 27. g4 Nd5 28. Bh2 Nf4+ 29. Bxf4 exf4 30. Qxf4 Bg5 31. Qe4 Qg8 32. Ne5 Nf6 33. Qe2 Kg7 34. Ndf3 Nd5 35. Nxg5 hxg5 36. Rxg5+ Kh7 37. Qe4+ Kh6 1-0


[Site "https://www.chess.com"]

[Event "Titled Tuesday Blitz April 4 Early 2023"]
[White "Souleidis, Georgios"]
[Black "Bas Mas, Jose Joaquin"]
[WhiteFideId "4206827"]
[BlackFideId "22219064"]
[WhiteElo "2401"]
[BlackElo "2233"]
[Result "1-0"]
[Round "11"]
[TimeControl "180+2"]
[Date "2023.04.04"]
[WhiteClock "0:00:02"]
[BlackClock "0:00:01"]

1. e4 e6 2. d4 d5 3. Nc3 Nf6 4. e5 Nfd7 5. f4 c5 6. Nf3 Nc6 7. Be3 Be7 8. Qd2 O-O 9. g3 c4 10. f5 b5 11. fxe6 fxe6 12. Bg2 b4 13. Ne2 a5 14. O-O Ba6 15. c3 a4 16. Nf4 Rxf4 17. Bxf4 a3 18. bxa3 bxc3 19. Qxc3 Bb5 20. Rab1 Rxa3 21. Qb2 Ba6 22. h4 h6 23. Qf2 c3 24. Bh3 Nf8 25. Rfc1 Bd3 26. Rb3 Rxb3 27. axb3 Bb4 28. Qe3 Be4 29. Ne1 Qa5 30. Bg2 Bxg2 31. Kxg2 Qa2+ 32. Nc2 Ba3 33. Qxc3 Bxc1 34. Qxc6 Bxf4 35. gxf4 Qxb3 36. Ne1 Qe3 37. Nf3 Qxf4 38. Qe8 Qg4+ 39. Kf2 Qg6 40. Qe7 Qf7 41. Qd8 Kh7 42. Ke3 Ng6 43. Qc8 Qf4+ 44. Ke2 Qe4+ 45. Kf2 Nf4 46. Qc3 Qe2+ 47. Kg3 Nh5+ 48. Kh3 Nf4+ 49. Kg3 Nd3 50. Qd2 Qe4 51. Kg2 Nf4+ 52. Kg3 Nh5+ 53. Kf2 Qg4 54. Qd3+ g6 55. Qe3 Nf4 56. Ne1 Nh3+ 57. Kf1 Qxh4 58. Qa3 Qf4+ 59. Ke2 1-0


[Site "https://www.chess.com"]

[Event "Titled Tuesday Blitz April 4 Early 2023"]
[White "Hajiyev, Kanan"]
[Black "Martic, Ivan"]
[WhiteFideId "13404148"]
[BlackFideId "929301"]
[WhiteElo "2103"]
[BlackElo "2360"]
[Result "1-0"]
[Round "11"]
[TimeControl "180+2"]
[Date "2023.04.04"]
[WhiteClock "0:00:21"]
[BlackClock "0:00:26"]

1. d4 d5 2. c4 Nc6 3. Nc3 dxc4 4. d5 Na5 5. e4 c6 6. Nf3 e6 7. Be2 exd5 8. exd5 Nf6 9. Bg5 h6 10. Bh4 Bb4 11. O-O cxd5 12. Bxf6 Qxf6 13. Nxd5 Qd6 14. a3 Bc5 15. Qa4+ Bd7 16. Nf6+ Qxf6 17. Qxa5 Bb6 18. Qe5+ Qxe5 19. Nxe5 Be6 20. Bxc4 O-O 21. Bxe6 fxe6 22. Nd7 Rfd8 23. Nxb6 axb6 24. Rfe1 Kf7 25. Rad1 Rac8 26. Kf1 Ke7 27. Rxd8 Rxd8 28. Ke2 Rd5 29. Rc1 Rc5 30. Kd2 Kd6 31. Rc3 Rh5 32. h3 Rf5 33. Rd3+ Kc6 34. f3 g5 35. Re3 Kd6 36. Kc3 Rc5+ 37. Kd3 Rc1 38. Kd2 Rg1 39. Re2 Kd5 40. Ke3 e5 41. Kf2 Rb1 42. Kg3 h5 43. h4 gxh4+ 44. Kxh4 Rh1+ 45. Kg5 Kd4 46. Re4+ Kd5 47. Kf5 Rh2 48. Rxe5+ Kd4 49. Re2 h4 50. Kg4 h3 51. Re4+ Kd5 52. gxh3 Rxb2 53. h4 Rg2+ 54. Kh3 Rf2 55. Kg3 Rf1 56. h5 Ra1 57. a4 Rh1 58. Rh4 Rg1+ 59. Kf4 Rg8 60. h6 Rh8 61. h7 Ke6 62. Ke4 Kf6 63. f4 Kg6 64. f5+ Kf6 65. Kf4 Kf7 66. Ke5 Kg7 67. f6+ Kg6 68. Ke6 Re8+ 69. Kd7 Rh8 70. Ke7 Kg5 71. Rh1 Kg6 72. f7 1-0


[Site "https://www.chess.com"]

[Event "Titled Tuesday Blitz April 4 Early 2023"]
[White "Vivas Zamora, Fabian Ernesto"]
[Black "Bilan, Danila"]
[WhiteFideId "3902480"]
[BlackFideId "24161918"]
[WhiteElo "2262"]
[BlackElo "2182"]
[Result "1/2-1/2"]
[Round "11"]
[TimeControl "180+2"]
[Date "2023.04.04"]
[WhiteClock "0:00:05"]
[BlackClock "0:00:16"]

1. e4 c6 2. Nf3 d5 3. Nc3 Bg4 4. h3 Bxf3 5. Qxf3 e6 6. Be2 Nd7 7. d4 dxe4 8. Nxe4 Ngf6 9. O-O Be7 10. Rd1 O-O 11. a4 Nxe4 12. Qxe4 Bg5 13. f4 Bh6 14. a5 a6 15. Qf3 Nf6 16. g4 Nd5 17. g5 Bxg5 18. fxg5 f6 19. Bd3 fxg5 20. Qe4 Nf6 21. Qxe6+ Kh8 22. c3 Qc7 23. Qe5 Qd7 24. Bf5 Qf7 25. Bxg5 Nd7 26. Bxd7 Qf2+ 27. Kh1 Qf3+ 28. Kg1 Qf2+ 29. Kh1 Qf3+ 30. Kg1 Qf2+ 1/2-1/2


[Site "https://www.chess.com"]

[Event "Titled Tuesday Blitz April 4 Early 2023"]
[White "Kopczynski, Michal"]
[Black "Kozin, Yuri"]
[WhiteFideId "1124200"]
[BlackFideId "4129920"]
[WhiteElo "2212"]
[BlackElo "2554"]
[Result "1-0"]
[Round "11"]
[TimeControl "180+2"]
[Date "2023.04.04"]
[WhiteClock "0:00:06"]
[BlackClock "0:00:03"]

1. e4 c5 2. d4 cxd4 3. c3 Nf6 4. Bd3 e6 5. f4 dxc3 6. Nxc3 Bb4 7. Nf3 d5 8. e5 Ne4 9. O-O Qb6+ 10. Kh1 Nf2+ 11. Rxf2 Qxf2 12. Nb5 Qb6 13. Be3 Qxe3 14. Nc7+ Kd8 15. Nxa8 Qxf4 16. Qa4 Nc6 17. Bb5 Bd7 18. Bxc6 Bxc6 19. Qxa7 Ke7 20. Nb6 Bc5 21. Qa5 Qe3 22. Na4 Ba7 23. Re1 Qf2 24. Nc3 Ra8 25. Ne2 Qc5 26. Qd2 Kf8 27. Rf1 Qe3 28. Qc2 Kg8 29. h4 d4 30. Nc1 Rc8 31. Ng5 1-0


[Site "https://www.chess.com"]

[Event "Titled Tuesday Blitz April 4 Early 2023"]
[White "Berezin, Viktor"]
[Black "Jimenez Jimenez, Leandro"]
[WhiteFideId "14107872"]
[BlackFideId "6415253"]
[WhiteElo "2310"]
[BlackElo "2263"]
[Result "0-1"]
[Round "11"]
[TimeControl "180+2"]
[Date "2023.04.04"]
[WhiteClock "0:01:11"]
[BlackClock "0:00:33"]

1. d4 d5 2. c4 e6 3. Nf3 Nf6 4. g3 dxc4 5. Bg2 a6 6. a4 Bb4+ 7. Bd2 Nc6 8. O-O Bd7 9. e3 b5 10. axb5 axb5 11. Rxa8 Qxa8 12. Ne5 Bxd2 13. Nxd7 Nxd7 14. Nxd2 Qa6 15. b3 c3 16. Ne4 b4 17. d5 Nce5 18. dxe6 Qxe6 19. Qd4 Qb6 20. Qd5 O-O 21. f4 Qxe3+ 22. Kh1 c2 23. Nd2 Nd3 24. Nc4 Nf2+ 25. Kg1 Nh3+ 26. Kh1 Qg1+ 27. Rxg1 Nf2# 0-1


[Site "https://www.chess.com"]

[Event "Titled Tuesday Blitz April 4 Early 2023"]
[White "Budrewicz, Krzysztof"]
[Black "Avazkhonov, Alikhon"]
[WhiteFideId "1127950"]
[BlackFideId "14208504"]
[WhiteElo "2230"]
[BlackElo "1739"]
[Result "0-1"]
[Round "11"]
[TimeControl "180+2"]
[Date "2023.04.04"]
[WhiteClock "0:00:39"]
[BlackClock "0:00:14"]

1. d4 Nf6 2. c4 e6 3. Nf3 Bb4+ 4. Nbd2 Qe7 5. e3 b6 6. Bd3 Bb7 7. O-O O-O 8. Nb1 Qd8 9. a3 Be7 10. Nc3 d5 11. b3 Nbd7 12. Bb2 Ne4 13. Bxe4 dxe4 14. Nd2 f5 15. b4 e5 16. d5 c6 17. dxc6 Bxc6 18. Nd5 Bxd5 19. cxd5 Bd6 20. Nc4 Qe7 21. Qd2 b5 22. Na5 Nb6 23. Rac1 f4 24. exf4 exf4 25. Qd4 Rae8 26. Rfe1 f3 27. g3 Kh8 28. Re3 Qd7 29. Qd1 Nxd5 30. Bd4 Qh3 31. Qf1 Qxf1+ 32. Kxf1 Nxe3+ 33. Bxe3 Rc8 34. Rd1 Bb8 35. Rd4 Rfd8 36. Rxd8+ Rxd8 37. Ke1 Be5 38. Bd2 e3 39. fxe3 f2+ 40. Kxf2 Rxd2+ 41. Kf3 Rxh2 42. Nc6 Bd6 43. Nxa7 Rh3 44. Nxb5 Rxg3+ 45. Kf2 Rg6 46. Nd4 h5 47. Nf3 Rf6 48. Kg2 Rxf3 49. Kxf3 g5 50. b5 g4+ 51. Kg2 Bxa3 52. b6 Bd6 53. b7 h4 54. b8=Q+ Bxb8 0-1


[Site "https://www.chess.com"]

[Event "Titled Tuesday Blitz April 4 Early 2023"]
[White "Francisco Guecamburu, Candela Be"]
[Black "Manon-og, Ramon Jr."]
[WhiteFideId "160911"]
[BlackFideId "5200776"]
[WhiteElo "2326"]
[BlackElo "2392"]
[Result "1-0"]
[Round "11"]
[TimeControl "180+2"]
[Date "2023.04.04"]
[WhiteClock "0:01:26"]
[BlackClock "0:00:17"]

1. e4 c5 2. Nf3 d6 3. Bb5+ Nd7 4. d4 cxd4 5. Qxd4 a6 6. Be2 Ngf6 7. O-O g6 8. Rd1 Bg7 9. Nc3 O-O 10. e5 dxe5 11. Nxe5 Qa5 12. Nc4 Qc5 13. Qxc5 Nxc5 14. Nb6 Rb8 15. Bf4 Bf5 16. Bxb8 Rxb8 17. Bf3 Bxc2 18. Rd2 Bf5 19. Re1 Bh6 20. Rd4 Ne6 21. Rc4 Ng5 22. Rxe7 Nxf3+ 23. gxf3 Bf8 24. Re1 Nh5 25. Ncd5 Be6 26. Rcc1 Bd6 27. Rcd1 Nf4 28. Nf6+ Kg7 29. Rxd6 Kxf6 30. Rdxe6+ fxe6 31. Nd7+ 1-0


[Site "https://www.chess.com"]

[Event "Titled Tuesday Blitz April 4 Early 2023"]
[White "crosky"]
[Black "Thecourseoisildur"]
[WhiteElo "2375"]
[BlackElo "2495"]
[Result "0-1"]
[Round "11"]
[TimeControl "180+2"]
[Date "2023.04.04"]
[WhiteClock "0:00:02"]
[BlackClock "0:00:02"]

1. c4 g6 2. Nc3 Bg7 3. d4 d6 4. e4 c5 5. d5 Bxc3+ 6. bxc3 e5 7. dxe6 Bxe6 8. Qb3 Qe7 9. Bf4 Nc6 10. O-O-O O-O-O 11. Nf3 Bg4 12. Bd3 Bxf3 13. gxf3 g5 14. Bg3 Ne5 15. Be2 Nf6 16. h4 h6 17. Rd2 g4 18. f4 Nc6 19. Re1 h5 20. f3 Rhg8 21. fxg4 hxg4 22. Bf1 Nh5 23. Bf2 g3 24. Bg1 Nxf4 25. e5 Nxe5 26. Qa4 Kb8 27. Rb2 Qd7 28. Qb3 Ned3+ 29. Kd1 Nxb2+ 30. Qxb2 d5 31. cxd5 Qxd5+ 32. Kc2 g2 33. Be2 Qe4+ 34. Kc1 Nxe2+ 35. Rxe2 Qd3 36. Qc2 Qxc2+ 37. Kxc2 c4 38. Rf2 Rd7 39. Rf4 Rd3 40. Rxc4 Rh3 0-1


[Site "https://www.chess.com"]

[Event "Titled Tuesday Blitz April 4 Early 2023"]
[White "Ansh M Shah"]
[Black "Yu, Jason"]
[WhiteFideId "25033379"]
[BlackFideId "30907624"]
[WhiteElo "2084"]
[BlackElo "2493"]
[Result "0-1"]
[Round "11"]
[TimeControl "180+2"]
[Date "2023.04.04"]
[WhiteClock "0:00:02"]
[BlackClock "0:00:22"]

1. d4 Nf6 2. c4 g6 3. Nc3 d5 4. h4 Bg7 5. h5 Nxh5 6. cxd5 e6 7. e4 exd5 8. e5 c5 9. g4 cxd4 10. Qxd4 Nc6 11. Qd1 d4 12. Nb5 Nxe5 13. gxh5 Qe7 14. Qa4 Nd3+ 15. Kd2 Qe1+ 16. Kxd3 Bf5+ 17. Kc4 Qxf1+ 18. Kb3 O-O 19. Bh6 Qd3+ 20. Nc3 Be6+ 21. Ka3 Bxh6 22. Rd1 Qf5 23. Qxd4 Bg7 24. Qb4 Rfc8 25. hxg6 Bf8 26. gxh7+ Kh8 27. Nge2 Qa5+ 28. Na4 Qxb4# 0-1


[Site "https://www.chess.com"]

[Event "Titled Tuesday Blitz April 4 Early 2023"]
[White "Garrido, Denis"]
[Black "Przybylski, Wojciech"]
[WhiteFideId "601217"]
[BlackFideId "1117599"]
[WhiteElo "2365"]
[BlackElo "2222"]
[Result "0-1"]
[Round "11"]
[TimeControl "180+2"]
[Date "2023.04.04"]
[WhiteClock "0:00:18"]
[BlackClock "0:01:00"]

1. e4 c5 2. Nf3 e6 3. d4 cxd4 4. Nxd4 Nc6 5. Nc3 Qc7 6. Qd3 Nf6 7. Ndb5 Qb8 8. Qg3 d6 9. Be3 Bd7 10. O-O-O Ne5 11. f4 Neg4 12. Bg1 a6 13. Nd4 h5 14. h3 Nh6 15. e5 dxe5 16. fxe5 Nd5 17. Nxd5 exd5 18. Bh2 h4 19. Qg5 Be7 20. Qxg7 Rg8 21. Qxh6 Bg5+ 22. Qxg5 Rxg5 23. e6 Qc8 24. exd7+ Qxd7 25. Rd3 Rg6 26. Be2 Kf8 27. Bf3 Re8 28. Rhd1 Rd8 29. Ne2 Qa4 30. Kb1 d4 31. Nxd4 Kg8 32. Be5 Qa5 33. Bf4 Re8 34. Bd2 Qc7 35. Bc3 Rd6 36. Nf5 Rxd3 37. Rxd3 Qf4 38. Bg4 b5 39. b3 b4 40. Bf6 Re1+ 41. Kb2 Qc1# 0-1


[Site "https://www.chess.com"]

[Event "Titled Tuesday Blitz April 4 Early 2023"]
[White "Dudzinski, Pawel"]
[Black "Todorovic, Bojan"]
[WhiteFideId "1117890"]
[BlackFideId "917087"]
[WhiteElo "2099"]
[BlackElo "2266"]
[Result "1/2-1/2"]
[Round "11"]
[TimeControl "180+2"]
[Date "2023.04.04"]
[WhiteClock "0:00:12"]
[BlackClock "0:00:12"]

1. e4 g6 2. Nc3 Bg7 3. g3 c5 4. Bg2 Nc6 5. d3 d6 6. Be3 Rb8 7. Qd2 b5 8. f4 b4 9. Nd1 e6 10. Nf3 Nge7 11. d4 cxd4 12. Nxd4 Bb7 13. O-O O-O 14. c4 Nxd4 15. Bxd4 Bxd4+ 16. Qxd4 Qb6 17. Qxb6 axb6 18. Nf2 Ba6 19. b3 b5 20. Rfd1 Rfd8 21. a3 bxc4 22. axb4 Bb5 23. bxc4 Bxc4 24. Rab1 Nc6 25. Rdc1 d5 26. exd5 exd5 27. Rxc4 dxc4 28. Bxc6 Rdc8 29. Be4 c3 30. Nd3 Rc4 31. Bf3 Rd4 32. Be2 Rbd8 33. Ne1 Rd2 34. Kf1 Re8 35. Bb5 Rb8 36. Bd3 Rxh2 37. Rc1 Rxb4 38. Rxc3 Ra4 39. Rc2 Rh1+ 40. Kf2 h5 41. Nf3 Rha1 42. Rc8+ Kg7 43. Rc7 Ra7 44. Rxa7 Rxa7 45. Ne5 Ra2+ 46. Kf3 Ra3 47. Ke4 Ra4+ 48. Kd5 Ra3 49. Ke4 Ra4+ 50. Ke3 Ra3 51. Kf2 f6 52. Bxg6 fxe5 53. Bxh5 exf4 54. gxf4 Kf6 55. Bg4 Ra4 56. Kg3 Rxf4 57. Kxf4 1/2-1/2


[Site "https://www.chess.com"]

[Event "Titled Tuesday Blitz April 4 Early 2023"]
[White "Fajdetic, Hrvoje"]
[Black "Shapiro, Viktor"]
[WhiteFideId "14501945"]
[BlackFideId "4175700"]
[WhiteElo "2185"]
[BlackElo "2152"]
[Result "0-1"]
[Round "11"]
[TimeControl "180+2"]
[Date "2023.04.04"]
[WhiteClock "0:00:26"]
[BlackClock "0:01:03"]

1. f4 c5 2. e4 Nc6 3. Nf3 g6 4. d3 Bg7 5. Be2 e6 6. O-O Nge7 7. Qe1 O-O 8. Qh4 f5 9. c3 b6 10. a4 Bb7 11. Na3 h6 12. Nc4 d5 13. exd5 exd5 14. Nce5 Nxe5 15. Nxe5 Qd6 16. d4 Nc6 17. g4 cxd4 18. gxf5 gxf5 19. cxd4 Nxd4 20. Bd3 Nb3 21. Be3 Nxa1 22. Rxa1 d4 23. Bc4+ Bd5 24. Bd2 Bxc4 25. Nxc4 Qg6+ 26. Kh1 Qc6+ 27. Kg1 Qxc4 28. Kf2 Rfe8 0-1


[Site "https://www.chess.com"]

[Event "Titled Tuesday Blitz April 4 Early 2023"]
[White "Petrova, Irina"]
[Black "Aponte Ramos, Argimiro"]
[WhiteFideId "14124122"]
[BlackFideId "3900568"]
[WhiteElo "2084"]
[BlackElo "2216"]
[Result "0-1"]
[Round "11"]
[TimeControl "180+2"]
[Date "2023.04.04"]
[WhiteClock "0:00:03"]
[BlackClock "0:00:13"]

1. e4 a6 2. d4 b5 3. Nf3 Bb7 4. Bd3 e6 5. O-O Nf6 6. Re1 c5 7. c3 Be7 8. Nbd2 cxd4 9. cxd4 O-O 10. a3 d6 11. Nf1 Nbd7 12. Ng3 Re8 13. Bd2 Nf8 14. Bc3 Ng6 15. Rc1 Rc8 16. e5 Nd5 17. Ne4 dxe5 18. dxe5 Ndf4 19. Bb1 Qb6 20. Bd4 Qa5 21. Bc3 Qb6 22. Bd4 Qd8 23. Rxc8 Qxc8 24. Nd6 Bxd6 25. exd6 Qc6 26. Be4 Qd7 27. Bxb7 Qxb7 28. g3 Nd5 29. h4 h6 30. h5 Nf8 31. Ne5 Nd7 32. Qg4 N7f6 33. Qf3 Rd8 34. Bc5 Qc8 35. b4 Qb7 36. g4 Nh7 37. Qg2 Ng5 38. f4 Nh7 39. g5 hxg5 40. fxg5 Nf8 41. g6 fxg6 42. hxg6 Rd7 43. Rf1 Nf6 44. Nxd7 Qxd7 45. Qh3 Nxg6 46. Re1 Nf4 47. Qf3 N6d5 48. Re4 g5 49. Re1 Kf7 50. Qg4 Kg6 51. Be3 Nxe3 52. Rxe3 Qxd6 53. Qf3 Qd4 0-1


[Site "https://www.chess.com"]

[Event "Titled Tuesday Blitz April 4 Early 2023"]
[White "Iskusnyh, Sergei"]
[Black "nicolasulaneobelassi"]
[WhiteFideId "4120027"]
[WhiteElo "2492"]
[BlackElo "2311"]
[Result "1-0"]
[Round "11"]
[TimeControl "180+2"]
[Date "2023.04.04"]
[WhiteClock "0:01:11"]
[BlackClock "0:00:28"]

1. d4 Nf6 2. c4 e6 3. g3 c5 4. Nf3 cxd4 5. Nxd4 d5 6. Bg2 e5 7. Nf3 d4 8. O-O Nc6 9. e3 Be7 10. exd4 exd4 11. Bf4 O-O 12. Nbd2 Be6 13. Ne5 Qb6 14. Qb3 Nxe5 15. Bxe5 Qxb3 16. axb3 Bb4 17. Nf3 d3 18. Nd4 Rfd8 19. Nxe6 fxe6 20. Bxb7 d2 21. Bxf6 gxf6 22. Bxa8 Rxa8 23. Ra6 Kf7 24. Rd1 e5 25. Kf1 Kg6 26. Ke2 Rd8 27. Rxa7 e4 28. Rb7 Ba5 29. b4 1-0


[Site "https://www.chess.com"]

[Event "Titled Tuesday Blitz April 4 Early 2023"]
[White "Vlassov, Nikolai"]
[Black "Gallegos Diaz, Carlos Alberto"]
[WhiteFideId "4103360"]
[BlackFideId "3900886"]
[WhiteElo "2324"]
[BlackElo "2362"]
[Result "1-0"]
[Round "11"]
[TimeControl "180+2"]
[Date "2023.04.04"]
[WhiteClock "0:00:37"]
[BlackClock "0:00:13"]

1. e4 d6 2. f4 Nf6 3. Nc3 c6 4. d4 Qa5 5. Bd3 e5 6. fxe5 dxe5 7. dxe5 Ng4 8. Nf3 Nd7 9. e6 fxe6 10. Qe2 Be7 11. Bd2 Qh5 12. O-O-O O-O 13. Kb1 Nge5 14. Rdf1 Nxf3 15. Rxf3 Rxf3 16. gxf3 Ne5 17. f4 Qxe2 18. Bxe2 Nf7 19. e5 Bd7 20. Ne4 Kf8 21. Be3 b6 22. Rd1 Rd8 23. Bc4 Bc8 24. Kc1 h6 25. c3 Rxd1+ 26. Kxd1 c5 27. Ke2 Bb7 28. Kd3 Bd5 29. a4 g5 30. Bb5 g4 31. Bd7 h5 32. c4 Bxe4+ 33. Kxe4 Nd8 34. f5 exf5+ 35. Kxf5 Kg7 36. e6 Bf6 37. Bh6+ 1-0


[Site "https://www.chess.com"]

[Event "Titled Tuesday Blitz April 4 Early 2023"]
[White "Matveeva, Olga"]
[Black "Turzo, Attila"]
[WhiteFideId "24107018"]
[BlackFideId "704954"]
[WhiteElo "2056"]
[BlackElo "2498"]
[Result "0-1"]
[Round "11"]
[TimeControl "180+2"]
[Date "2023.04.04"]
[WhiteClock "0:00:01"]
[BlackClock "0:00:18"]

1. d4 Nf6 2. c4 c5 3. d5 b5 4. cxb5 a6 5. bxa6 g6 6. Nc3 Bg7 7. g3 O-O 8. Bg2 d6 9. Nf3 Nxa6 10. O-O Bf5 11. Nh4 Bg4 12. h3 Bd7 13. Rb1 Qa5 14. Bd2 Rfb8 15. b3 Ne8 16. Qc2 Nb4 17. Qb2 Nxa2 18. Qxa2 Qxa2 19. Nxa2 Rxa2 20. Rfd1 Nc7 21. e4 Nb5 22. Bf1 Nd4 23. b4 Rxd2 24. Rxd2 g5 25. Rxd4 Bxd4 26. Nf3 Bf6 27. b5 e6 28. dxe6 fxe6 29. Kg2 Kf7 30. Bc4 Bd8 31. h4 h6 32. hxg5 hxg5 33. g4 Ra8 34. b6 Rb8 35. b7 Bc6 36. Ba6 Bxe4 37. Rb3 d5 38. Kf1 c4 39. Ne5+ Ke8 40. Rb5 Bc7 0-1


[Site "https://www.chess.com"]

[Event "Titled Tuesday Blitz April 4 Early 2023"]
[White "Jovic, Stanoje"]
[Black "Kujawski, Adam"]
[WhiteFideId "905020"]
[BlackFideId "1100920"]
[WhiteElo "2236"]
[BlackElo "2054"]
[Result "1-0"]
[Round "11"]
[TimeControl "180+2"]
[Date "2023.04.04"]
[WhiteClock "0:00:45"]
[BlackClock "0:00:01"]

1. c4 e5 2. g3 Nc6 3. Bg2 d6 4. Nc3 Be6 5. d3 Qd7 6. b4 a6 7. a4 Nxb4 8. Bxb7 Rb8 9. Bg2 d5 10. cxd5 Nxd5 11. Nxd5 Bxd5 12. Bxd5 Qxd5 13. Nf3 e4 14. dxe4 Qxd1+ 15. Kxd1 Nf6 16. e5 Ne4 17. Be3 Bb4 18. Kc2 O-O 19. Rhd1 c5 20. Rd7 a5 21. Kd3 f5 22. Ng5 c4+ 23. Kc2 Rbd8 24. Rad1 Rxd7 25. Rxd7 Nxg5 26. Bxg5 h6 27. Be3 Rc8 28. Bd4 c3 29. e6 g5 30. Rg7+ Kf8 31. Rh7 Re8 32. Rh8+ Ke7 33. Rxh6 Kd6 34. h4 Kd5 35. e3 f4 36. hxg5 fxg3 37. fxg3 Rf8 38. Rf6 Rh8 39. Rf2 Rh1 40. g6 Ra1 41. Bxc3 Kxe6 42. Bxa1 1-0


[Site "https://www.chess.com"]

[Event "Titled Tuesday Blitz April 4 Early 2023"]
[White "Kohler, Aran"]
[Black "Erzhanov, Arman"]
[WhiteFideId "1002856"]
[BlackFideId "4138821"]
[WhiteElo "2304"]
[BlackElo "2138"]
[Result "0-1"]
[Round "11"]
[TimeControl "180+2"]
[Date "2023.04.04"]
[WhiteClock "0:00:12"]
[BlackClock "0:00:48"]

1. d4 d6 2. Nf3 g6 3. Bg5 Bg7 4. c3 h6 5. Bh4 Nd7 6. e3 Ngf6 7. Nbd2 O-O 8. Bd3 e5 9. Qb3 Re8 10. Bxg6 Qe7 11. Bb1 c6 12. O-O d5 13. dxe5 Nxe5 14. Nxe5 Qxe5 15. Qc2 Kf8 16. Bg3 Qh5 17. Bd6+ Kg8 18. Qd1 Bg4 19. f3 Bf5 20. g4 Nxg4 21. fxg4 Bxg4 22. Qe1 Re6 23. Bg3 Rae8 24. Qf2 Rxe3 25. Bf5 Bxf5 26. Qxf5 Qxf5 27. Rxf5 d4 28. Nf1 Re2 29. Rf2 dxc3 30. Rxe2 Rxe2 31. bxc3 Bxc3 32. Rb1 Bd4+ 33. Kh1 b5 34. Rd1 c5 35. a3 Ra2 36. Bd6 a5 37. Ng3 Rxa3 38. Nf5 Bf2 39. Rf1 Ra2 40. Nxh6+ Kg7 41. Ng4 Bd4 42. Be5+ Bxe5 43. Nxe5 f6 44. Nd3 c4 45. Nf4 b4 46. Nd5 c3 47. Rg1+ Kf7 48. Rc1 c2 49. Ne3 b3 50. Nxc2 Rxc2 51. h4 Rxc1+ 0-1


[Site "https://www.chess.com"]

[Event "Titled Tuesday Blitz April 4 Early 2023"]
[White "Rose, Felix"]
[Black "Harriott, Tyrell"]
[WhiteFideId "5105722"]
[BlackFideId "2086484"]
[WhiteElo "2039"]
[BlackElo "2107"]
[Result "1-0"]
[Round "11"]
[TimeControl "180+2"]
[Date "2023.04.04"]
[WhiteClock "0:00:09"]
[BlackClock "0:01:29"]

1. e4 e6 2. d4 b6 3. Bd3 Bb7 4. Nf3 d5 5. Nbd2 Nf6 6. e5 Nfd7 7. c3 Be7 8. h4 h6 9. h5 c5 10. Qe2 Nc6 11. a3 Qc7 12. b4 c4 13. Bc2 a5 14. b5 Na7 15. a4 Nc8 16. Nh2 Nf8 17. Qg4 Rg8 18. f4 Bd8 19. Ndf3 Ne7 20. Qh3 Qd7 21. g4 Bc7 22. O-O O-O-O 23. Kh1 g6 24. hxg6 Nfxg6 25. f5 Nf8 26. fxe6 fxe6 27. Qxh6 Nfg6 28. Qg5 Nxe5 29. Nxe5 Qe8 30. Qf6 Rd6 31. Ba3 Rd8 32. Qxe7 Qxe7 33. Bxe7 Rde8 34. Bf6 Kb8 35. g5 Bd8 36. Nhg4 Bc7 37. Kg2 Bd6 38. Rf3 Bc8 39. Rh1 Bb7 40. Rh7 Bc8 41. Nc6+ 1-0


[Site "https://www.chess.com"]

[Event "Titled Tuesday Blitz April 4 Early 2023"]
[White "Antonio, Jorge Carlos"]
[Black "Omariev, Maksim"]
[WhiteFideId "113190"]
[BlackFideId "4193423"]
[WhiteElo "2247"]
[BlackElo "2411"]
[Result "0-1"]
[Round "11"]
[TimeControl "180+2"]
[Date "2023.04.04"]
[WhiteClock "0:00:01"]
[BlackClock "0:00:04"]

1. d4 g6 2. Nf3 Bg7 3. c4 d6 4. Nc3 Nc6 5. e4 e5 6. d5 Nce7 7. Be2 f5 8. O-O h6 9. exf5 gxf5 10. Re1 Nf6 11. Nh4 O-O 12. Bh5 Kh7 13. Be2 Qe8 14. f4 e4 15. g3 Bd7 16. Be3 Qf7 17. Ng2 h5 18. h3 Rh8 19. Nh4 a6 20. Kh2 Rag8 21. Rg1 Bh6 22. Bd4 Rg7 23. Qe1 Kg8 24. b4 Rhh7 25. Rd1 Ng6 26. Nxg6 Rxg6 27. Bxf6 Qxf6 28. Bxh5 Rgg7 29. Be2 Rg6 30. Qd2 Bg7 31. Nb1 Rgh6 32. h4 Rxh4+ 33. gxh4 Qxh4+ 34. Kg2 Qh2+ 35. Kf1 Kf8 36. Qe3 Ba4 37. Rd2 Bh6 38. Qg3 Qxg3 39. Rxg3 Bxf4 40. Rg1 Bxd2 41. Nxd2 Kf7 42. a3 Kf6 43. Kf2 Ke5 44. Nf1 f4 45. Bg4 Kd4 46. Bf5 Rf7 47. Be6 Rf6 48. Rg4 Kxc4 49. Nd2+ Kd4 50. Nf1 Bb3 51. Ke2 Bc4+ 52. Ke1 Bxd5 53. Bxd5 Kxd5 54. Rg7 Kc6 55. Rg4 d5 56. Nd2 Kb5 57. Nb3 b6 58. Nd4+ Ka4 59. Nc2 Kb3 60. Rg2 f3 61. Rh2 c5 0-1


[Site "https://www.chess.com"]

[Event "Titled Tuesday Blitz April 4 Early 2023"]
[White "Makhmudov, Shukhrat"]
[Black "Gatterer, Florian"]
[WhiteFideId "14200775"]
[BlackFideId "811688"]
[WhiteElo "2135"]
[BlackElo "2221"]
[Result "1/2-1/2"]
[Round "11"]
[TimeControl "180+2"]
[Date "2023.04.04"]
[WhiteClock "0:01:38"]
[BlackClock "0:01:44"]

1. e4 c5 2. Nf3 e6 3. d4 cxd4 4. Nxd4 Nf6 5. Nc3 Nc6 6. Ndb5 Bc5 7. Be3 Bxe3 8. Nd6+ Ke7 9. fxe3 Qa5 10. Be2 Qc5 11. Nxc8+ Raxc8 12. Qd2 d5 13. exd5 Nxd5 14. Nxd5+ Qxd5 15. Qxd5 exd5 16. c3 Ne5 1/2-1/2


[Site "https://www.chess.com"]

[Event "Titled Tuesday Blitz April 4 Early 2023"]
[White "Tarasova, Viktoriya"]
[Black "Alberto, Manuel"]
[WhiteFideId "4175840"]
[BlackFideId "10100148"]
[WhiteElo "2182"]
[BlackElo "2166"]
[Result "0-1"]
[Round "11"]
[TimeControl "180+2"]
[Date "2023.04.04"]
[WhiteClock "0:00:01"]
[BlackClock "0:01:38"]

1. d4 Nf6 2. c4 g6 3. Nc3 d5 4. cxd5 Nxd5 5. g3 Bg7 6. Bg2 Nb6 7. Nf3 Nc6 8. e3 O-O 9. O-O e5 10. d5 Ne7 11. e4 c6 12. dxc6 Nxc6 13. Bg5 f6 14. Be3 Be6 15. Bc5 Rf7 16. Qc2 Rc8 17. Rfd1 Rd7 18. Rxd7 Nxd7 19. Rd1 Qe8 20. Bd6 Qf7 21. Nd5 Nb6 22. Ne1 Nd4 23. Qd3 Nxd5 24. exd5 Bxd5 25. Bh3 Be6 26. Bxe6 Qxe6 27. Qa3 Qd5 28. Rd3 Rc1 29. Bb4 Bf8 30. Kf1 Qh1# 0-1


[Site "https://www.chess.com"]

[Event "Titled Tuesday Blitz April 4 Early 2023"]
[White "Krzywda, Andrzej"]
[Black "Blokhin, Sofia"]
[WhiteFideId "1114565"]
[BlackFideId "4508190"]
[WhiteElo "2155"]
[BlackElo "1994"]
[Result "1-0"]
[Round "11"]
[TimeControl "180+2"]
[Date "2023.04.04"]
[WhiteClock "0:01:23"]
[BlackClock "0:01:01"]

1. c4 c5 2. Nc3 Nf6 3. g3 d5 4. cxd5 Nxd5 5. Bg2 Nc7 6. e3 Nc6 7. Nge2 e5 8. O-O Be7 9. f4 O-O 10. b3 exf4 11. Nxf4 Bf5 12. Bb2 Bf6 13. Nh5 g6 14. Nxf6+ Qxf6 15. g4 Qg5 16. gxf5 gxf5 17. Qf3 Ne5 18. Qxf5 Qe7 19. Nd5 Nxd5 20. Bxd5 Ng6 21. Bf6 Qd6 22. Qg5 Rfe8 23. Bxf7+ Kxf7 24. Be5+ Ke6 25. Qf6+ 1-0


[Site "https://www.chess.com"]